| Goals | Penalties |
No Goal
|
No Penalty
|
1. Checkers 1 , Mitchell Stephens 1 (Calen Addison 1, Mikael Pyyhtia 2) at 10:03
|
Zack Hayes (EDM) for Cross-checking (Minor) at 11:33 Avery Hayes (EDM) for High sticking (Double Minor) at 16:00
|
2. Checkers 1 , Jack Williams 1 (Calen Addison 2) at 8:02 (PP)
|
Jack Williams (FLO) for Roughing (Minor) at 4:23 Jonathan Aspirot (EDM) for Interference (Minor) at 6:51 Jonathan Aspirot (EDM) for Delaying the game (Minor) at 10:35
|
|
Matt Tomkins (FLO), 12 saves from 12 shots - (1,000), W, 1-2-0, 60:00 minutes
Yaniv Perets (EDM), 20 saves from 22 shots - (0,909), L, 0-1-0, 60:00 minutes
|
|
1 - Mitchell Stephens (FLO)
2 - Matt Tomkins (FLO)
3 - Calen Addison (FLO)
|
Referees : Shauna Neary and Laura White
Linesman : Matthew Heinen and Shawn Oliver
|
|
| No Game Note
|
| Team Name |
Goals |
Shots |
Shots Attemp |
Shots Blocked |
PIM |
HIT |
PP |
PK |
FO% |
| Checkers 1 |
2 | 22 | 44 | 3 | 2 | 24 | 1 / 5 (20%) | 0 | 33% |
| Condors |
0 | 12 | 21 | 5 | 10 | 15 | 0 / 1 (0%) | 1 | 67% |
Checkers 1
| Player Name |
POS |
G |
A |
P |
+/- |
PIM |
HIT |
SHT |
SB |
MP |
PP MP |
PP SHT |
PK MP |
PK SHT |
FO% |
FOT |
GA |
TA |
| Calen Addison | D | 0 | 2 | 2 | 0 | 0 | 1 | 1 | 0 | 25:10 | 4:39 | 0 | 1:03 | 0 | 0% |
0 | 0 | 1 |
| Charles-Alexis Legault | D | 0 | 0 | 0 | 0 | 0 | 0 | 0 | 0 | 15:17 | 2:17 | 0 | 0:00 | 0 | 0% |
0 | 0 | 0 |
| Chase Priskie | D | 0 | 0 | 0 | 0 | 0 | 2 | 0 | 0 | 22:05 | 5:22 | 0 | 1:03 | 0 | 0% |
0 | 1 | 0 |
| Devante Stephens | D | 0 | 0 | 0 | 1 | 0 | 1 | 1 | 1 | 20:10 | 4:16 | 0 | 0:00 | 0 | 0% |
0 | 0 | 0 |
| Givani Smith | RW | 0 | 0 | 0 | 1 | 0 | 2 | 2 | 1 | 23:34 | 4:00 | 0 | 0:56 | 0 | 28% |
18 | 0 | 1 |
| Jack Williams | RW | 1 | 0 | 1 | 0 | 2 | 4 | 3 | 0 | 17:35 | 3:00 | 1 | 0:00 | 0 | 0% |
0 | 0 | 0 |
| Jesse Ylonen | RW | 0 | 0 | 0 | 0 | 0 | 1 | 0 | 1 | 16:44 | 3:14 | 0 | 0:00 | 0 | 0% |
0 | 0 | 0 |
| Luke Henman | C | 0 | 0 | 0 | 0 | 0 | 2 | 2 | 0 | 16:17 | 0:08 | 0 | 0:00 | 0 | 33% |
3 | 0 | 0 |
| Marcel Marcel | C/LW/RW | 0 | 0 | 0 | 0 | 0 | 1 | 2 | 0 | 18:35 | 3:08 | 0 | 0:43 | 0 | 0% |
1 | 0 | 1 |
| Martin Chromiak | RW | 0 | 0 | 0 | 0 | 0 | 1 | 3 | 0 | 9:25 | 0:08 | 0 | 0:00 | 0 | 0% |
0 | 0 | 0 |
| Mason Millman | D | 0 | 0 | 0 | 0 | 0 | 1 | 0 | 0 | 7:59 | 0:49 | 0 | 0:00 | 0 | 0% |
0 | 0 | 0 |
| Maxence Guenette | D | 0 | 0 | 0 | 1 | 0 | 0 | 0 | 0 | 15:35 | 0:00 | 0 | 0:56 | 0 | 0% |
0 | 1 | 0 |
| Mikael Pyyhtia | LW | 0 | 1 | 1 | 1 | 0 | 0 | 3 | 0 | 19:15 | 4:35 | 0 | 0:00 | 0 | 0% |
2 | 0 | 0 |
| Mitchell Stephens | C | 1 | 0 | 1 | 1 | 0 | 2 | 4 | 0 | 21:50 | 4:33 | 0 | 1:05 | 0 | 0% |
0 | 0 | 0 |
| Nate Smith | C | 0 | 0 | 0 | 0 | 0 | 3 | 0 | 0 | 13:56 | 1:26 | 0 | 0:07 | 0 | 100% |
1 | 0 | 0 |
| Nikita Grebenkin | RW | 0 | 0 | 0 | 0 | 0 | 0 | 0 | 0 | 12:47 | 0:44 | 0 | 0:34 | 0 | 75% |
4 | 0 | 0 |
| Quinn Olson | C/LW/RW | 0 | 0 | 0 | 0 | 0 | 1 | 1 | 0 | 7:15 | 2:15 | 0 | 0:33 | 0 | 0% |
1 | 0 | 0 |
| Tobias Bjornfot | D | 0 | 0 | 0 | 0 | 0 | 2 | 0 | 0 | 14:31 | 1:06 | 0 | 0:56 | 0 | 0% |
0 | 0 | 0 |
Condors
| Player Name |
POS |
G |
A |
P |
+/- |
PIM |
HIT |
SHT |
SB |
MP |
PP MP |
PP SHT |
PK MP |
PK SHT |
FO% |
FOT |
GA |
TA |
| Aidan Fulp | D | 0 | 0 | 0 | 0 | 0 | 0 | 0 | 0 | 8:47 | 0:42 | 0 | 3:12 | 0 | 0% |
0 | 0 | 0 |
| Andre Lee | LW | 0 | 0 | 0 | 0 | 0 | 0 | 0 | 0 | 17:47 | 1:06 | 0 | 1:36 | 0 | 100% |
1 | 0 | 0 |
| Avery Hayes | RW | 0 | 0 | 0 | -1 | 4 | 1 | 1 | 0 | 15:37 | 0:44 | 0 | 0:00 | 0 | 100% |
1 | 0 | 0 |
| Brandon Scanlin | D | 0 | 0 | 0 | 0 | 0 | 0 | 1 | 0 | 14:51 | 0:00 | 0 | 0:00 | 0 | 0% |
0 | 0 | 0 |
| Emilio Pettersen | C | 0 | 0 | 0 | -1 | 0 | 0 | 0 | 0 | 18:18 | 0:19 | 0 | 3:29 | 0 | 50% |
2 | 0 | 0 |
| Filip Roos | D | 0 | 0 | 0 | 0 | 0 | 1 | 0 | 0 | 18:53 | 0:00 | 0 | 4:20 | 0 | 0% |
0 | 0 | 0 |
| Harrison Brunicke | D | 0 | 0 | 0 | 0 | 0 | 0 | 0 | 0 | 0:55 | 0:00 | 0 | 0:38 | 0 | 0% |
0 | 0 | 0 |
| Hunter McKown | C | 0 | 0 | 0 | 0 | 0 | 0 | 1 | 1 | 23:07 | 1:06 | 0 | 4:03 | 0 | 73% |
15 | 0 | 0 |
| Jack St. Ivany | D | 0 | 0 | 0 | -1 | 0 | 1 | 1 | 1 | 20:25 | 1:18 | 0 | 0:00 | 0 | 0% |
0 | 0 | 1 |
| Jacob Doty | C/LW/RW | 0 | 0 | 0 | 0 | 0 | 2 | 0 | 1 | 18:04 | 0:46 | 0 | 3:19 | 0 | 0% |
0 | 0 | 0 |
| James Hamblin | C/LW | 0 | 0 | 0 | -1 | 0 | 2 | 4 | 0 | 23:07 | 1:01 | 0 | 4:10 | 0 | 0% |
0 | 1 | 0 |
| Jonathan Aspirot | D | 0 | 0 | 0 | 0 | 4 | 1 | 1 | 0 | 18:26 | 0:00 | 0 | 3:06 | 0 | 0% |
0 | 1 | 0 |
| Matthew Stienburg | C | 0 | 0 | 0 | 0 | 0 | 1 | 2 | 1 | 18:56 | 0:34 | 0 | 1:36 | 0 | 56% |
9 | 0 | 1 |
| Mikulas Hovorka | D | 0 | 0 | 0 | 0 | 0 | 0 | 0 | 0 | 6:22 | 0:41 | 0 | 0:00 | 0 | 0% |
0 | 0 | 0 |
| Mitch McLain | C/LW/RW | 0 | 0 | 0 | 0 | 0 | 4 | 0 | 0 | 17:26 | 0:12 | 0 | 0:03 | 0 | 100% |
1 | 1 | 0 |
| Patrick Giles | RW | 0 | 0 | 0 | 0 | 0 | 0 | 0 | 0 | 12:47 | 0:09 | 0 | 0:00 | 0 | 0% |
1 | 0 | 0 |
| Ville Ottavainen | D | 0 | 0 | 0 | -1 | 0 | 2 | 1 | 0 | 24:28 | 1:17 | 0 | 4:08 | 0 | 0% |
0 | 0 | 0 |
| Zack Hayes | D | 0 | 0 | 0 | 0 | 2 | 0 | 0 | 1 | 12:32 | 0:00 | 0 | 2:52 | 0 | 0% |
0 | 0 | 0 |
Checkers 1
| 5 vs 5 Forward |
|---|
| Line # | Left Wing | Center | Right Wing | PHY | DF | OF | Wanted % | Time % | Time Play |
| 1 | Mitchell Stephens | Givani Smith | Mikael Pyyhtia | 1 | 2 | 2 | 40 | 31% | 15:14
|
| 2 | Jesse Ylonen | Givani Smith | Jack Williams | 1 | 2 | 2 | 30 | 27% | 13:08
|
| 3 | Martin Chromiak | Givani Smith | Nate Smith | 1 | 2 | 2 | 20 | 19% | 9:17
|
| 4 | Luke Henman | Nikita Grebenkin | Marcel Marcel | 1 | 2 | 2 | 10 | 23% | 11:14
|
| 5 vs 5 Defense |
|---|
| Line # | Defense | Defense | | PHY | DF | OF | Wanted % | Time % | Time Play |
| 1 | Calen Addison | Chase Priskie | | 1 | 2 | 2 | 40 | 33% | 16:01
|
| 2 | Maxence Guenette | Devante Stephens | | 1 | 2 | 2 | 30 | 30% | 14:39
|
| 3 | Tobias Bjornfot | Charles-Alexis Legault | | 1 | 2 | 2 | 20 | 24% | 11:46
|
| 4 | Mason Millman | Calen Addison | | 1 | 2 | 2 | 10 | 13% | 6:27
|
| Power Play Forward |
|---|
| Line # | Left Wing | Center | Right Wing | PHY | DF | OF | Wanted % | Time % | Time Play |
| 1 | Mitchell Stephens | Givani Smith | Mikael Pyyhtia | 1 | 0 | 4 | 60 | 100% | 9:08
|
| 2 | Mitchell Stephens | Givani Smith | Mikael Pyyhtia | 1 | 2 | 2 | 40 | 0% | 0:00
|
| Power Play Defense |
|---|
| Line # | Defense | Defense | | PHY | DF | OF | Wanted % | Time % | Time Play |
| 1 | Calen Addison | Chase Priskie | | 1 | 2 | 2 | 60 | 64% | 5:51
|
| 2 | Devante Stephens | Calen Addison | | 1 | 2 | 2 | 40 | 36% | 3:17
|
| Penalty Kill 4 Players Forward |
|---|
| Line # | Center | Wing | PHY | DF | OF | Wanted % | Time % | Time Play |
| 1 | Givani Smith | Mitchell Stephens | 1 | 2 | 2 | 60 | 100% | 1:59
|
| 2 | Givani Smith | Jack Williams | 1 | 2 | 2 | 40 | 0% | 0:00
|
| Penalty Kill 4 Players Defense |
|---|
| Line # | Defense | Defense | PHY | DF | OF | Wanted % | Time % | Time Play |
| 1 | Calen Addison | Chase Priskie | 1 | 2 | 2 | 60 | 53% | 1:03
|
| 2 | Tobias Bjornfot | Maxence Guenette | 1 | 2 | 2 | 40 | 47% | 0:56
|
| Penalty Kill 3 Players |
|---|
| Line # | Wing | PHY | DF | OF | Wanted % | Time % | Time Play | Defense | Defense | PHY | DF | OF | Wanted % | Time % | Time Play |
| 1 | Givani Smith | 1 | 2 | 2 | 60 | 0% | 0:00
| Calen Addison | Maxence Guenette | 1 | 2 | 2 | 60 | 0% | 0:00
|
| 2 | Nate Smith | 1 | 2 | 2 | 40 | 0% | 0:00
| Mason Millman | Devante Stephens | 1 | 2 | 2 | 40 | 0% | 0:00
|
| 4 vs 4 Forward |
|---|
| Line # | Center | Wing | PHY | DF | OF | Wanted % | Time % | Time Play |
| 1 | Givani Smith | Mikael Pyyhtia | 1 | 2 | 2 | 60 | 0% | 0:00
|
| 2 | Jesse Ylonen | Martin Chromiak | 1 | 2 | 2 | 40 | 0% | 0:00
|
| 4 vs 4 Defense |
|---|
| Line # | Defense | | PHY | DF | OF | Wanted % | Time % | Time Play |
| 1 | Chase Priskie | Calen Addison | 1 | 2 | 2 | 60 | 0% | 0:00
|
| 2 | Charles-Alexis Legault | Chase Priskie | 1 | 2 | 2 | 40 | 0% | 0:00
|
| Last Minutes Offensive |
|---|
| Left Wing | Center | Right Wing | Defense | Defense |
| Mitchell Stephens | Givani Smith | Mikael Pyyhtia | Calen Addison | Chase Priskie |
| Last Minutes Defensive |
|---|
| Left Wing | Center | Right Wing | Defense | Defense |
| Mitchell Stephens | Givani Smith | Mikael Pyyhtia | Calen Addison | Chase Priskie |
| Time |
|---|
| Total Forward | Total Defense | Last Minutes Offensive | Last Minutes Defensive |
| 60:00 |
60:00 |
0:00 | 0:00 |
| Extra Forwards |
|---|
| Normal | PowerPlay | Penalty Kill |
|
Luke Henman, Marcel Marcel, Mitchell Stephens | Givani Smith, Jesse Ylonen | Nikita Grebenkin |
| Extra Defensemen |
|---|
| Normal | PowerPlay | Penalty Kill |
|
Charles-Alexis Legault, Mason Millman, Calen Addison | Chase Priskie, Maxence Guenette | Tobias Bjornfot |
| Penalty Shots |
|---|
|
Givani Smith, Marcel Marcel, Mitchell Stephens, Mikael Pyyhtia, Jesse Ylonen |
| Goalie |
|---|
| Matt Tomkins, Nolan Maier |
| Scratches |
|---|
|
Cameron Whitehead (Healthy) |
Condors
| 5 vs 5 Forward |
|---|
| Line # | Left Wing | Center | Right Wing | PHY | DF | OF | Wanted % | Time % | Time Play |
| 1 | James Hamblin | Hunter McKown | Andre Lee | 1 | 2 | 2 | 40 | 28% | 13:42
|
| 2 | Mitch McLain | Matthew Stienburg | Hunter McKown | 1 | 2 | 2 | 30 | 36% | 17:31
|
| 3 | Emilio Pettersen | Avery Hayes | James Hamblin | 1 | 2 | 2 | 20 | 20% | 9:56
|
| 4 | Jacob Doty | Patrick Giles | James Hamblin | 1 | 2 | 2 | 10 | 16% | 7:44
|
| 5 vs 5 Defense |
|---|
| Line # | Defense | Defense | | PHY | DF | OF | Wanted % | Time % | Time Play |
| 1 | Jack St. Ivany | Ville Ottavainen | | 1 | 2 | 2 | 40 | 40% | 19:34
|
| 2 | Jonathan Aspirot | Brandon Scanlin | | 1 | 2 | 2 | 30 | 31% | 15:17
|
| 3 | Filip Roos | Zack Hayes | | 1 | 2 | 2 | 20 | 18% | 8:51
|
| 4 | Mikulas Hovorka | Filip Roos | | 1 | 2 | 2 | 10 | 11% | 5:11
|
| Power Play Forward |
|---|
| Line # | Left Wing | Center | Right Wing | PHY | DF | OF | Wanted % | Time % | Time Play |
| 1 | James Hamblin | Hunter McKown | Andre Lee | 1 | 2 | 2 | 60 | 100% | 1:59
|
| 2 | James Hamblin | Hunter McKown | Andre Lee | 1 | 2 | 2 | 40 | 0% | 0:00
|
| Power Play Defense |
|---|
| Line # | Defense | Defense | | PHY | DF | OF | Wanted % | Time % | Time Play |
| 1 | Jack St. Ivany | Ville Ottavainen | | 1 | 2 | 2 | 60 | 66% | 1:18
|
| 2 | Ville Ottavainen | Mikulas Hovorka | | 1 | 2 | 2 | 40 | 34% | 0:41
|
| Penalty Kill 4 Players Forward |
|---|
| Line # | Center | Wing | PHY | DF | OF | Wanted % | Time % | Time Play |
| 1 | Hunter McKown | James Hamblin | 1 | 2 | 2 | 60 | 100% | 9:08
|
| 2 | Hunter McKown | James Hamblin | 1 | 2 | 2 | 40 | 0% | 0:00
|
| Penalty Kill 4 Players Defense |
|---|
| Line # | Defense | Defense | PHY | DF | OF | Wanted % | Time % | Time Play |
| 1 | Ville Ottavainen | Filip Roos | 1 | 2 | 2 | 60 | 49% | 4:30
|
| 2 | Jonathan Aspirot | Zack Hayes | 1 | 2 | 2 | 40 | 51% | 4:38
|
| Penalty Kill 3 Players |
|---|
| Line # | Wing | PHY | DF | OF | Wanted % | Time % | Time Play | Defense | Defense | PHY | DF | OF | Wanted % | Time % | Time Play |
| 1 | Hunter McKown | 1 | 2 | 2 | 60 | 0% | 0:00
| Jack St. Ivany | Zack Hayes | 1 | 2 | 2 | 60 | 0% | 0:00
|
| 2 | Hunter McKown | 1 | 2 | 2 | 40 | 0% | 0:00
| Brandon Scanlin | Jonathan Aspirot | 1 | 2 | 2 | 40 | 0% | 0:00
|
| 4 vs 4 Forward |
|---|
| Line # | Center | Wing | PHY | DF | OF | Wanted % | Time % | Time Play |
| 1 | Hunter McKown | James Hamblin | 1 | 2 | 2 | 60 | 0% | 0:00
|
| 2 | Hunter McKown | James Hamblin | 1 | 2 | 2 | 40 | 0% | 0:00
|
| 4 vs 4 Defense |
|---|
| Line # | Defense | | PHY | DF | OF | Wanted % | Time % | Time Play |
| 1 | Zack Hayes | Jack St. Ivany | 1 | 2 | 2 | 60 | 0% | 0:00
|
| 2 | Filip Roos | Jack St. Ivany | 1 | 2 | 2 | 40 | 0% | 0:00
|
| Last Minutes Offensive |
|---|
| Left Wing | Center | Right Wing | Defense | Defense |
| James Hamblin | Hunter McKown | Andre Lee | Jack St. Ivany | Ville Ottavainen |
| Last Minutes Defensive |
|---|
| Left Wing | Center | Right Wing | Defense | Defense |
| James Hamblin | Hunter McKown | Andre Lee | Jack St. Ivany | Ville Ottavainen |
| Time |
|---|
| Total Forward | Total Defense | Last Minutes Offensive | Last Minutes Defensive |
| 60:00 |
60:00 |
0:00 | 0:00 |
| Extra Forwards |
|---|
| Normal | PowerPlay | Penalty Kill |
|
Hunter McKown, James Hamblin, Andre Lee | Matthew Stienburg, James Hamblin | Hunter McKown |
| Extra Defensemen |
|---|
| Normal | PowerPlay | Penalty Kill |
|
Filip Roos, Zack Hayes, Brandon Scanlin | Mikulas Hovorka, Zack Hayes | Ville Ottavainen |
| Penalty Shots |
|---|
|
James Hamblin, Andre Lee, Hunter McKown, Matthew Stienburg, Mitch McLain |
| Goalie |
|---|
| Yaniv Perets, Cooper Black |
| Scratches |
|---|
|
Cameron Butler (Healthy), James Stefan (Healthy), Mats Lindgren (Healthy), Nick Wolff (Healthy), Navrin Mutter (Healthy)
Isak Posch (Healthy) |
Play-by-Play
1st period
0:01 of 1st period - Givani Smith wins face-off versus Hunter McKown in neutral zone.
0:10 of 1st period - James Hamblin is hit by Calen Addison and loses puck.
0:25 of 1st period - Calen Addison is hit by Matthew Stienburg and loses puck.
0:47 of 1st period - Snap shot by Jonathan Aspirot.
0:47 of 1st period - Shot Misses the Net.
2:06 of 1st period - Mitchell Stephens is hit by Avery Hayes and loses puck.
4:19 of 1st period - Mitch McLain is hit by Givani Smith and loses puck.
4:51 of 1st period - Icing by Emilio Pettersen.
4:52 of 1st period - Hunter McKown wins face-off versus Nikita Grebenkin in Condors zone.
4:57 of 1st period - Snap shot by Jack Williams.
4:57 of 1st period - Shot Blocked by Jacob Doty.
5:22 of 1st period - Icing by Mikael Pyyhtia.
5:23 of 1st period - Matthew Stienburg wins face-off versus Givani Smith in Checkers 1 zone.
5:42 of 1st period - Luke Henman is hit by Mitch McLain and loses puck.
6:44 of 1st period - Backhand shot by Givani Smith.
6:44 of 1st period - Shot Misses the Net.
7:06 of 1st period - Mitchell Stephens is hit by Mitch McLain and loses puck.
8:47 of 1st period - Emilio Pettersen is hit by Luke Henman and loses puck.
10:36 of 1st period - Givani Smith is hit by Jacob Doty and loses puck.
11:48 of 1st period - Backhand shot by Quinn Olson.
11:48 of 1st period - Stopped by Yaniv Perets with a rebound.
13:37 of 1st period - Chase Priskie is hit by James Hamblin and loses puck.
13:41 of 1st period - Icing by Nate Smith.
13:42 of 1st period - Hunter McKown wins face-off versus Quinn Olson in Checkers 1 zone.
14:12 of 1st period - Jacob Doty is hit by Marcel Marcel and loses puck.
14:17 of 1st period - Slapshot by Nikita Grebenkin.
14:17 of 1st period - Deflect By Marcel Marcel.
14:17 of 1st period - Stopped by Yaniv Perets with a rebound.
14:46 of 1st period - Emilio Pettersen is hit by Mitchell Stephens and loses puck.
Goals for this period are 0 for Checkers 1 vs 0 for Condors.
Shots for this period are 2 for Checkers 1 vs 0 for Condors.
2nd period
0:01 of 2nd period - Givani Smith wins face-off versus Hunter McKown in neutral zone.
0:04 of 2nd period - Slapshot by Mitchell Stephens.
0:04 of 2nd period - Stopped by Yaniv Perets with a rebound.
1:32 of 2nd period - Wrist shot by Mikael Pyyhtia.
1:32 of 2nd period - Deflect By Mitchell Stephens.
1:32 of 2nd period - Stopped by Yaniv Perets with a rebound.
2:24 of 2nd period - Snap shot by Mitchell Stephens.
2:24 of 2nd period - Shot Misses the Net.
3:08 of 2nd period - Hunter McKown is hit by Luke Henman and loses puck.
4:29 of 2nd period - Jack Williams is hit by Jonathan Aspirot and loses puck.
5:48 of 2nd period - Jacob Doty is hit by Quinn Olson and loses puck.
7:53 of 2nd period - Hunter McKown is hit by Nate Smith and loses puck.
8:37 of 2nd period - Icing by Emilio Pettersen.
8:38 of 2nd period - Avery Hayes wins face-off versus Luke Henman in Condors zone.
9:01 of 2nd period - Filip Roos is hit by Tobias Bjornfot and loses puck.
9:19 of 2nd period - Icing by Nikita Grebenkin.
9:20 of 2nd period - Matthew Stienburg wins face-off versus Marcel Marcel in Checkers 1 zone.
9:37 of 2nd period - Snap shot by Givani Smith.
9:37 of 2nd period - Stopped by Yaniv Perets without a rebound.
9:38 of 2nd period - Givani Smith wins face-off versus Matthew Stienburg in Condors zone.
9:39 of 2nd period - Backhand shot by Calen Addison.
9:39 of 2nd period - Stopped by Yaniv Perets with a rebound.
9:41 of 2nd period - Wrist shot by Mikael Pyyhtia.
9:41 of 2nd period - Stopped by Yaniv Perets with a rebound.
9:43 of 2nd period - Snap shot by Givani Smith.
9:43 of 2nd period - Stopped by Yaniv Perets with a rebound.
9:59 of 2nd period - Snap shot by Mikael Pyyhtia.
9:59 of 2nd period - Shot Misses the Net.
10:01 of 2nd period - Slapshot by Calen Addison.
10:01 of 2nd period - Shot Misses the Net.
10:03 of 2nd period - Backhand shot by Mitchell Stephens.
10:03 of 2nd period - Goal by Mitchell Stephens - Checkers 1 : 1 - Condors : 0.
10:04 of 2nd period - Hunter McKown wins face-off versus Givani Smith in neutral zone.
10:29 of 2nd period - Calen Addison is hit by Ville Ottavainen and loses puck.
10:50 of 2nd period - Slapshot by Jack Williams.
10:50 of 2nd period - Shot Misses the Net.
10:52 of 2nd period - Snap shot by Jack Williams.
10:52 of 2nd period - Stopped by Yaniv Perets with a rebound.
10:54 of 2nd period - Snap shot by Jack Williams.
10:54 of 2nd period - Shot Misses the Net.
11:33 of 2nd period - Minor Penalty to Zack Hayes for Cross-checking.
11:34 of 2nd period - Hunter McKown wins face-off versus Givani Smith in Condors zone.
12:13 of 2nd period - Emilio Pettersen is hit by Mitchell Stephens and loses puck.
12:30 of 2nd period - Filip Roos is hit by Jack Williams and loses puck.
13:33 of 2nd period - Penalty to Zack Hayes is over, Zack Hayes is back on ice.
13:42 of 2nd period - Off-side.
13:43 of 2nd period - Nikita Grebenkin wins face-off versus Matthew Stienburg in neutral zone.
13:46 of 2nd period - Backhand shot by Calen Addison.
13:46 of 2nd period - Shot Misses the Net.
13:48 of 2nd period - Wrist shot by Nikita Grebenkin.
13:48 of 2nd period - Shot Misses the Net.
13:50 of 2nd period - Wrist shot by Marcel Marcel.
13:50 of 2nd period - Stopped by Yaniv Perets without a rebound.
13:51 of 2nd period - Matthew Stienburg wins face-off versus Givani Smith in Condors zone.
14:00 of 2nd period - Wrist shot by Jack Williams.
14:00 of 2nd period - Shot Blocked by Zack Hayes.
14:12 of 2nd period - Wrist shot by Nate Smith.
14:12 of 2nd period - Shot Misses the Net.
14:18 of 2nd period - Avery Hayes is hit by Nate Smith and loses puck.
14:37 of 2nd period - Backhand shot by Nikita Grebenkin.
14:37 of 2nd period - Shot Blocked by Jack St. Ivany.
14:39 of 2nd period - Slapshot by Nikita Grebenkin.
14:39 of 2nd period - Deflect By Jacob Doty.
14:39 of 2nd period - Shot Misses the Net.
14:39 of 2nd period - Puck is out of play.
14:40 of 2nd period - Mitch McLain wins face-off versus Givani Smith in Condors zone.
15:11 of 2nd period - Slapshot by James Hamblin.
15:11 of 2nd period - Stopped by Matt Tomkins without a rebound.
15:12 of 2nd period - Nikita Grebenkin wins face-off versus Patrick Giles in Checkers 1 zone.
15:12 of 2nd period - Nikita Grebenkin is hit by Jacob Doty.
15:32 of 2nd period - Snap shot by Jonathan Aspirot.
15:32 of 2nd period - Shot Blocked by Jesse Ylonen.
15:34 of 2nd period - Slapshot by Jonathan Aspirot.
15:34 of 2nd period - Shot Blocked by Givani Smith.
15:36 of 2nd period - Snap shot by Brandon Scanlin.
15:36 of 2nd period - Deflect By Matthew Stienburg.
15:36 of 2nd period - Stopped by Matt Tomkins with a rebound.
15:38 of 2nd period - Slapshot by Brandon Scanlin.
15:38 of 2nd period - Stopped by Matt Tomkins with a rebound.
15:40 of 2nd period - Slapshot by Jonathan Aspirot.
15:40 of 2nd period - Stopped by Matt Tomkins with a rebound.
15:42 of 2nd period - Slapshot by Matthew Stienburg.
15:42 of 2nd period - Stopped by Matt Tomkins with a rebound.
16:00 of 2nd period - Double Minor Penalty to Avery Hayes for High sticking.
16:01 of 2nd period - Hunter McKown wins face-off versus Mikael Pyyhtia in Condors zone.
16:06 of 2nd period - Calen Addison is hit by Ville Ottavainen and loses puck.
18:03 of 2nd period - Devante Stephens is hit by Filip Roos and loses puck.
0:00 of 3rd period - Penalty to Avery Hayes is over, Avery Hayes is back on ice.
Goals for this period are 1 for Checkers 1 vs 0 for Condors.
Shots for this period are 9 for Checkers 1 vs 5 for Condors.
3rd period
0:01 of 3rd period - Hunter McKown wins face-off versus Givani Smith in neutral zone.
0:06 of 3rd period - Snap shot by James Hamblin.
0:06 of 3rd period - Stopped by Matt Tomkins without a rebound.
0:07 of 3rd period - Hunter McKown wins face-off versus Mikael Pyyhtia in Checkers 1 zone.
0:08 of 3rd period - Wrist shot by James Hamblin.
0:08 of 3rd period - Deflect By Calen Addison.
0:08 of 3rd period - Stopped by Matt Tomkins with a rebound.
0:28 of 3rd period - Wrist shot by James Hamblin.
0:28 of 3rd period - Shot Misses the Net.
0:42 of 3rd period - Wrist shot by James Hamblin.
0:42 of 3rd period - Shot Misses the Net.
0:48 of 3rd period - Hunter McKown is hit by Chase Priskie and loses puck.
1:25 of 3rd period - Backhand shot by James Hamblin.
1:25 of 3rd period - Stopped by Matt Tomkins without a rebound.
1:26 of 3rd period - Nikita Grebenkin wins face-off versus Matthew Stienburg in Checkers 1 zone.
1:33 of 3rd period - Snap shot by Luke Henman.
1:33 of 3rd period - Stopped by Yaniv Perets with a rebound.
1:41 of 3rd period - Wrist shot by Avery Hayes.
1:41 of 3rd period - Stopped by Matt Tomkins with a rebound.
1:51 of 3rd period - Brandon Scanlin is hit by Jack Williams.
2:14 of 3rd period - Tobias Bjornfot is hit by Mitch McLain and loses puck.
2:47 of 3rd period - Mitch McLain is hit by Martin Chromiak.
3:09 of 3rd period - Mitch McLain is hit by Mason Millman and loses puck.
4:23 of 3rd period - Minor Penalty to Jack Williams for Roughing.
4:24 of 3rd period - Hunter McKown wins face-off versus Givani Smith in Checkers 1 zone.
4:40 of 3rd period - Icing by Hunter McKown.
4:41 of 3rd period - Hunter McKown wins face-off versus Givani Smith in Condors zone.
4:46 of 3rd period - Jack St. Ivany is hit by Chase Priskie and loses puck.
6:23 of 3rd period - Penalty to Jack Williams is over, Jack Williams is back on ice.
6:32 of 3rd period - Jesse Ylonen is hit by Mitch McLain and loses puck.
6:51 of 3rd period - Minor Penalty to Jonathan Aspirot for Interference.
6:52 of 3rd period - Hunter McKown wins face-off versus Givani Smith in Condors zone.
7:57 of 3rd period - Filip Roos is hit by Jack Williams and loses puck.
8:02 of 3rd period - Wrist shot by Jack Williams.
8:02 of 3rd period - Goal by Jack Williams - Checkers 1 : 2 - Condors : 0.
8:03 of 3rd period - Matthew Stienburg wins face-off versus Givani Smith in neutral zone.
8:06 of 3rd period - Wrist shot by Mitch McLain.
8:06 of 3rd period - Shot Misses the Net.
8:16 of 3rd period - Snap shot by Hunter McKown.
8:16 of 3rd period - Stopped by Matt Tomkins with a rebound.
8:56 of 3rd period - Off-side.
8:57 of 3rd period - Nate Smith wins face-off versus Matthew Stienburg in neutral zone.
9:00 of 3rd period - Wrist shot by Martin Chromiak.
9:00 of 3rd period - Stopped by Yaniv Perets with a rebound.
9:02 of 3rd period - Slapshot by Chase Priskie.
9:02 of 3rd period - Shot Misses the Net.
9:04 of 3rd period - Wrist shot by Martin Chromiak.
9:04 of 3rd period - Stopped by Yaniv Perets with a rebound.
9:06 of 3rd period - Slapshot by Luke Henman.
9:06 of 3rd period - Stopped by Yaniv Perets with a rebound.
9:08 of 3rd period - Wrist shot by Chase Priskie.
9:08 of 3rd period - Shot Blocked by Matthew Stienburg.
9:10 of 3rd period - Snap shot by Nate Smith.
9:10 of 3rd period - Shot Blocked by Hunter McKown.
9:12 of 3rd period - Snap shot by Calen Addison.
9:12 of 3rd period - Deflect By Luke Henman.
9:12 of 3rd period - Shot Misses the Net.
9:12 of 3rd period - Puck is out of play.
9:13 of 3rd period - Hunter McKown wins face-off versus Givani Smith in Condors zone.
9:26 of 3rd period - Wrist shot by James Hamblin.
9:26 of 3rd period - Shot Misses the Net.
9:55 of 3rd period - Off-side.
9:56 of 3rd period - Matthew Stienburg wins face-off versus Givani Smith in neutral zone.
9:59 of 3rd period - Slapshot by Ville Ottavainen.
9:59 of 3rd period - Stopped by Matt Tomkins with a rebound.
10:07 of 3rd period - Snap shot by Givani Smith.
10:07 of 3rd period - Shot Misses the Net.
10:09 of 3rd period - Slapshot by Devante Stephens.
10:09 of 3rd period - Stopped by Yaniv Perets with a rebound.
10:35 of 3rd period - Minor Penalty to Jonathan Aspirot for Delaying the game.
10:36 of 3rd period - Givani Smith wins face-off versus Hunter McKown in Condors zone.
10:53 of 3rd period - James Hamblin is hit by Givani Smith and loses puck.
12:11 of 3rd period - Hunter McKown is hit by Devante Stephens and loses puck.
12:35 of 3rd period - Penalty to Jonathan Aspirot is over, Jonathan Aspirot is back on ice.
12:42 of 3rd period - Matthew Stienburg is hit by Tobias Bjornfot.
12:58 of 3rd period - Brandon Scanlin is hit by Nate Smith.
14:32 of 3rd period - Filip Roos is hit by Jesse Ylonen and loses puck.
14:46 of 3rd period - Icing by Hunter McKown.
14:47 of 3rd period - Givani Smith wins face-off versus Hunter McKown in Condors zone.
14:52 of 3rd period - Wrist shot by Martin Chromiak.
14:52 of 3rd period - Stopped by Yaniv Perets with a rebound.
14:58 of 3rd period - Martin Chromiak is hit by James Hamblin.
15:11 of 3rd period - Wrist shot by Mitch McLain.
15:11 of 3rd period - Shot Blocked by Devante Stephens.
15:13 of 3rd period - Wrist shot by Jack St. Ivany.
15:13 of 3rd period - Deflect By Nate Smith.
15:13 of 3rd period - Stopped by Matt Tomkins with a rebound.
15:15 of 3rd period - Snap shot by Mitch McLain.
15:15 of 3rd period - Shot Misses the Net.
15:29 of 3rd period - Wrist shot by Jesse Ylonen.
15:29 of 3rd period - Shot Misses the Net.
15:59 of 3rd period - Wrist shot by Mitchell Stephens.
15:59 of 3rd period - Shot Misses the Net.
16:50 of 3rd period - Snap shot by Mitchell Stephens.
16:50 of 3rd period - Deflect By Mikael Pyyhtia.
16:50 of 3rd period - Shot Hit the Post.
16:50 of 3rd period - Puck is out of play.
16:51 of 3rd period - Luke Henman wins face-off versus Emilio Pettersen in Condors zone.
16:54 of 3rd period - Wrist shot by Mitchell Stephens.
16:54 of 3rd period - Stopped by Yaniv Perets without a rebound.
16:55 of 3rd period - Emilio Pettersen wins face-off versus Luke Henman in Condors zone.
17:10 of 3rd period - Wrist shot by Mikael Pyyhtia.
17:10 of 3rd period - Stopped by Yaniv Perets with a rebound.
17:12 of 3rd period - Slapshot by Luke Henman.
17:12 of 3rd period - Shot Misses the Net.
17:16 of 3rd period - Wrist shot by Mikael Pyyhtia.
17:16 of 3rd period - Stopped by Yaniv Perets without a rebound.
17:17 of 3rd period - Andre Lee wins face-off versus Givani Smith in Condors zone.
17:57 of 3rd period - Slapshot by Jack Williams.
17:57 of 3rd period - Stopped by Yaniv Perets with a rebound.
18:53 of 3rd period - Matthew Stienburg is hit by Jack Williams and loses puck.
19:24 of 3rd period - Devante Stephens is hit by Jack St. Ivany and loses puck.
Goals for this period are 1 for Checkers 1 vs 0 for Condors.
Shots for this period are 11 for Checkers 1 vs 7 for Condors.